 Dungeon Sprint DCSS version 0.27-a0-1612-gde56a17b89 (webtiles) character file.

Game seed: 16437392997478718080

1797 night the Brawler (level 8, -1/70 HPs)
             Began as a Troll Hunter on July 21, 2021.
             Was an Initiate of Gozag.
             Slain by a two-headed ogre (23 damage)
             ... in the Dungeon (Sprint IX: "|||||||||||||||||||||||||||||").
             The game lasted 00:01:58 (157 turns).

night the Brawler (Troll Hunter)                     Turns: 157, Time: 00:01:59

Health: -1/70      AC:  4    Str: 23    XL:     8   Next: 83%
Magic:  7/7        EV: 10    Int: 10    God:    Gozag
Gold:   2          SH:  0    Dex: 13    Spells: 7/7 levels left

rFire    . . .     SeeInvis .     - Unarmed
rCold    . . .     Faith    .   (no shield)
rNeg     . . .     Spirit   .   b - +0 robe
rPois    .         Reflect  .   (helmet restricted)
rElec    .         Harm     .   (no cloak)
rCorr    .         Rampage  .   (gloves unavailable)
Will     .....     NoTele   +   (boots unavailable)
Stlth    +.........             (no amulet)
HPRegen  1.21/turn              o - +3 ring of intelligence
MPRegen  0.10/turn              p - +3 ring of dexterity

@: gold aura, on berserk cooldown, hasted and slowed
A: large, unfitting armour, claws 3, regeneration 1, shaggy fur 1, tough skin 1
a: Renounce Religion, Potion Petition, Call Merchant, Bribe Branch


You were in the Dungeon.
You worshipped Gozag.
Gozag was noncommittal.
You visited 1 branch You collected 531 gold pieces.
You paid 529 gold pieces to Gozag.

Inventory:

Hand Weapons
 a - a +0 giant spiked club
 n - a +2 vorpal morningstar
Missiles
 c - 5 large rocks (quivered)
 d - a throwing net
Armour
 b - a +0 robe (worn)
Jewellery
 o - a +3 ring of intelligence (left claw)
 p - a +3 ring of dexterity (right claw)
Wands
 m - a wand of iceblast (10)
Scrolls
 j - a scroll of blinking
 l - 2 scrolls of amnesia
Potions
 e - 5 potions of curing
 f - 2 potions of heal wounds
 g - a potion of haste
 h - 4 potions of magic
 k - a potion of invisibility


   Skills:
 - Level 1.5 Fighting
 - Level 3.6 Throwing
 - Level 1.5 Dodging
 - Level 0.3 Stealth
 * Level 18.2 Unarmed Combat


You had 7 spell levels left.
You didn't know any spells.
Your spell library was empty.

Dungeon Overview and Level Annotations

Branches:
Dungeon (1/1)

Altars:
Cheibriados
Dithmenos
Elyvilon
Fedhas
Gozag
Hepliaklqana
Kikubaaqudgha
Makhleb
Nemelex Xobeh
Okawaru
Qazlal
Ru
Sif Muna
Trog
Uskayaw
Vehumet
Wu Jian
Xom
Yredelemnul
Zin
The Shining One
Beogh
Jiyva
Lugonu


Innate Abilities, Weirdness & Mutations

You are too large for most types of armour.
You have claws for hands.
Your natural rate of healing is unusually fast.
You are covered in fur. (AC +1)
You have tough skin. (AC +1)


Message History

The tengu conjurer is distracted by your dazzling golden aura.
The two-headed ogre hits you with a +0 dire flail!!
The two-headed ogre hits you with a +0 giant club!
Blink to where?
Press: ? - help, Dir - move target
As you read the scroll of blinking, it crumbles to dust.
You feel much better. [a] - 768 gold - resistance, invisibility, might and haste [b] - 325 gold - heal wounds and magic [c] - 529 gold - heal wounds, curing, berserk rage and haste Purchase which effect?
You don't have enough gold for that! [a] - 768 gold - resistance, invisibility, might and haste [b] - 325 gold - heal wounds and magic [c] - 529 gold - heal wounds, curing, berserk rage and haste Purchase which effect?
You no longer have enough gold to petition Gozag for potion effects.
You feel much better.
You feel better.
You're still recovering from your berserk rage.
You feel yourself speed up.
Things that are here:
a +0 giant club; a +0 giant club The two-headed ogre hits you with a +0 dire flail!!
The two-headed ogre barely misses you.
There is an open door to the Dungeon, spattered with blood here.
The tengu conjurer shouts!
You mangle the two-headed ogre!!
You claw the two-headed ogre, but do no damage.
The two-headed ogre is moderately wounded.
You mangle the two-headed ogre!!
The two-headed ogre is almost dead.
The two-headed ogre hits you with a +0 dire flail!
The two-headed ogre hits you with a +0 giant club!
You barely miss the two-headed ogre. You claw the two-headed ogre!
You kill the two-headed ogre!
Your Unarmed Combat skill gained 2 levels and is now at level 18!
The two-headed ogre hits you with a +0 great mace of venom!
The two-headed ogre hits you with a +0 giant spiked club!!
You die...
Your body crumbles into a pile of gold. $$$$ $$$$$ $ $ $ $$$$$ $ ▓▓▓▓▓▓▓▓▓▓▓▓▓▓▓▓▓▓▓▓▓▓▓▓▓▓▓▓▓ _____'..).[[[.)'@O..Q.H.QH.{y ▓▓▓▓▓▓▓▓▓▓▓▓▓▓▓▓▓▓▓▓▓▓▓▓▓▓▓▓▓

You could see a two-headed ogre, a manticore and a tengu conjurer.

Vanquished Creatures
  2 two-headed ogres (D)
  A komodo dragon (D)
  An orc warrior (D)
  An ogre (D)
  A scorpion (D)
  A hound (D)
  An adder (D)
  An adder zombie (D)
  An adder skeleton (D)
  An endoplasm (D)
  A giant cockroach (D)
  A jackal (D)
  A ball python zombie (D)
  A giant cockroach zombie (D)
  2 goblins (D)
17 creatures vanquished.

Notes
Turn   | Place    | Note
-------+----------+-------------------------------------------
     0 | D        | night the Troll Hunter began the quest for the Orb.
     0 | D        | Reached XP level 1. HP: 19/19 MP: 0/0
     6 | D        | Reached skill level 1 in Unarmed Combat
    15 | D        | Reached skill level 2 in Unarmed Combat
    16 | D        | Reached skill level 3 in Unarmed Combat
    27 | D        | Noticed an ogre
    27 | D        | Noticed a scorpion
    27 | D        | Noticed a hound
    30 | D        | Killed an ogre
    31 | D        | Reached skill level 8 in Unarmed Combat
    31 | D        | Reached XP level 2. HP: 27/27 MP: 1/1
    31 | D        | Reached XP level 3. HP: 33/33 MP: 2/2
    31 | D        | Reached XP level 4. HP: 41/41 MP: 3/3
    32 | D        | Killed a scorpion
    33 | D        | Reached skill level 9 in Unarmed Combat
    33 | D        | Reached XP level 5. HP: 48/48 MP: 4/4
    37 | D        | Reached skill level 10 in Unarmed Combat
    45 | D        | Found a snail-covered altar of Cheibriados.
    45 | D        | Found a shadowy altar of Dithmenos.
    45 | D        | Found a white marble altar of Elyvilon.
    45 | D        | Found a blossoming altar of Fedhas.
    45 | D        | Found an opulent altar of Gozag.
    46 | D        | Found a hazy altar of Hepliaklqana.
    47 | D        | Found a viscous altar of Jiyva.
    65 | D        | Found an ancient bone altar of Kikubaaqudgha.
    66 | D        | Found a corrupted altar of Lugonu.
    67 | D        | Found a burning altar of Makhleb.
    68 | D        | Found a sparkling altar of Nemelex Xobeh.
    69 | D        | Found an iron altar of Okawaru.
    70 | D        | Became a worshipper of Gozag Ym Sagoz the Greedy
    71 | D        | Found a stormy altar of Qazlal.
    72 | D        | Found a sacrificial altar of Ru.
    73 | D        | Found a shimmering blue altar of Sif Muna.
    74 | D        | Found a bloodstained altar of Trog.
    75 | D        | Found a hide-covered altar of Uskayaw.
    76 | D        | Found a radiant altar of Vehumet.
    77 | D        | Found an ornate altar of the Wu Jian Council.
    78 | D        | Found a shimmering altar of Xom.
    79 | D        | Found a basalt altar of Yredelemnul.
    80 | D        | Found a glowing silver altar of Zin.
    81 | D        | Found a glowing golden altar of the Shining One.
   108 | D        | Noticed a two-headed ogre
   108 | D        | Noticed an orc warrior
   108 | D        | Noticed a komodo dragon
   116 | D        | Killed a two-headed ogre
   117 | D        | Reached skill level 15 in Unarmed Combat
   117 | D        | Reached XP level 6. HP: 55/55 MP: 5/5
   117 | D        | Reached XP level 7. HP: 62/62 MP: 6/6
   124 | D        | Reached skill level 16 in Unarmed Combat
   125 | D        | Killed a komodo dragon
   126 | D        | Reached XP level 8. HP: 70/70 MP: 7/7
   147 | D        | Noticed a two-headed ogre
   147 | D        | Noticed a two-headed ogre
   147 | D        | Noticed a tengu conjurer
   147 | D        | Noticed a manticore
   156 | D        | Killed a two-headed ogre
   157 | D        | Reached skill level 18 in Unarmed Combat
   157 | D        | Slain by a two-headed ogre

Illustrated notes

Levels and vault maps discovered:
D:        linesprint [early_d, line_temple, items_1, d_10, items_2, lair_1,
          lair_end, items_3, orc_1, orc_end, items_4, d_15, swamp_1, shoals_1,
          snake_1, spider_1, d_20, vaults_1, items_5, swamp_end, shoals_end,
          snake_end, spider_end, vaults_end, d_27, items_6, zot_1, zot_end,
          crypt_end, forest_end, elf_end, slime_end, tomb_end, abyss_end,
          pan_hell_end]

Skill      XL: |  1  2  3  4  5  6  7  8 |
---------------+-------------------------+-----
Unarmed Combat | 8 9 15 16 18 | 18.2
Fighting       | |  1.5
Throwing       | |  3.6
Dodging        | |  1.5
Stealth        | |  0.3

Action                   |  1- 3 |  4- 6 |  7- 9 || total
-------------------------+-------+-------+-------++-------
Melee: Unarmed           |    18 |    14 |    13 ||    45
       Punch             |       |       |     2 ||     2
Throw: Throwing net      |     1 |       |       ||     1
Invok: Potion Petition   |       |       |     1 ||     1
  Use: Potion            |       |     1 |     1 ||     2
       Scroll            |       |       |     1 ||     1
Armor: Robe              |     4 |       |     1 ||     5
Dodge: Dodged            |     5 |     7 |     1 ||    13

Table legend: (Time is in decaauts)
 A = Elapsed time spent in this place.
 B = Non-inter-level travel time spent in this place.
 C = Inter-level travel time spent in this place.
 D = Time resting spent in this place.
 E = Time spent auto-exploring this place.
 F = Levels seen in this place.
 G = Mean time per level.
                   A        B        C        D        E       F      G
               +--------+--------+--------+--------+--------+-----+--------+
         Total |    153 |    153 |      0 |      0 |     19 |   1 |  153.0 |
       Dungeon |    153 |    153 |      0 |      0 |     19 |   1 |  153.0 |
               +--------+--------+--------+--------+--------+-----+--------+

Top non-repeatable levels by time:
       D: 153 daAuts
